 Dungeon Crawl Stone Soup version 0.15-a0-193-gf781f13 (webtiles) character file.

608 PolkaDot the Vexing (level 6, -3/41 HPs)
             Began as a Vampire Enchanter on Apr 22, 2014.
             Killed by divine providence
             ... invoked by an orc priest
              (10 damage)
             ... on Level 4 of the Dungeon.
             The game lasted 00:08:31 (2494 turns).

PolkaDot the Vexing (Vampire Enchanter)             Turns: 2494, Time: 00:08:32

HP  -3/41        AC  4     Str  7      XL: 6   Next: 63%
MP  10/10        EV 13     Int 17      God:
Gold 185         SH  0     Dex 16      Spells:  4 memorised,  0 levels left

rFire  . . .     SeeInvis +     h - +0,+1 dagger (venom)
rCold  . . .     Clarity  .     b - +1 robe
rNeg   . . .     Conserve .     (no shield)
rPois  .         rCorr    .     (no helmet)
rElec  .         rRot     .     k - +0 cloak
SustAb . .       Spirit   .     (no gloves)
rMut   .         Warding  .     (no boots)
Saprov . . .     Stasis   +     u - amulet of stasis
MR     .....                    a - cursed ring of see invisible {unknown}
                                o - +0,+8 ring of slaying {unknown}

@: regenerating very quickly, not resistant to hostile enchantments, stealthy
A: bottle blood, fangs 3, see invisible, unbreathing
a: Bottle Blood


You were on level 4 of the Dungeon.
You were almost alive.

You visited 1 branch of the dungeon, and saw 4 of its levels.

You collected 185 gold pieces.

Inventory:

Hand weapons
 h - a +0,+1 dagger of venom (weapon)
Missiles
 d - 12 darts (quivered)
Armour
 b - a +1 robe (worn)
 k - a +0 cloak (worn)
Magical devices
 n - a wand of fireball (2) {unknown}
Scrolls
 e - a scroll of enchant weapon I {unknown}
 f - 2 scrolls of identify {unknown}
 g - 4 scrolls of remove curse {unknown}
 l - 2 scrolls of immolation {unknown}
 m - a scroll of fog {unknown}
 r - 2 scrolls of blinking {unknown}
 s - 3 scrolls of fear {unknown}
 v - a scroll of random uselessness {unknown}
 w - a scroll of recharging {unknown}
 x - a scroll of magic mapping {unknown}
Jewellery
 a - a cursed ring of see invisible (right hand) {unknown}
 o - a +0,+8 ring of slaying (left hand) {unknown}
 u - an amulet of stasis (around neck)
Potions
 i - 2 potions of degeneration {unknown}
 j - a potion of heal wounds {unknown}
 p - a potion of agility {unknown}
 q - 4 potions of blood {@w2}
 t - a potion of haste {unknown}
Books
 c - a book of Maledictions

   Spells                             Type                      Level
   *Corona                            Hexes                        1
   Sure Blade                         Hexes/Charms                 2
   *Ensorcelled Hibernation           Hexes/Ice                    2
   *Confuse                           Hexes                        3
   *Dazzling Spray                    Conjuration/Hexes            3
   Enslavement                        Hexes                        4


   Skills:
 * Level 5.8 Short Blades
 - Level 0.7 Throwing
 - Level 2.1 Dodging
 - Level 3.0 Stealth
 - Level 2.0 Spellcasting
 + Level 7.4 Hexes
 + Level 1.1 Ice Magic


You couldn't memorise any spells.
You knew the following spells:

 Your Spells              Type           Power        Failure   Level  Hunger
a - Corona                Hex            ####...      1%          1    #......
c - Confuse               Hex            ####....     3%          3    ####...
d - Ensorcelled Hibernat  Hex/Ice        ###...       6%          2    ###....
s - Dazzling Spray        Conj/Hex       ##......     14%         3    ####...


Dungeon Overview and Level Annotations

Branches:
Dungeon (4/15)
 Temple: D:4-7

Altars:
Nemelex Xobeh
Sif Muna


Innate Abilities, Weirdness & Mutations

Your natural rate of healing is extremely fast.
You can bottle blood from corpses.
You have razor-sharp teeth.*
You have supernaturally acute eyesight.
You can survive without breathing.*


Message History

Something smites you!
The orc wizard hits you but does no damage.
A bat comes into view.
The orc wizard's eyes start to glow.
The orc priest mumbles some strange prayers to Beogh against you.
Something smites you!
* * * LOW HITPOINT WARNING * * *
The orc wizard closely misses you.
The orc wizard mumbles some strange words.
You feel troubled.
Drink which item? (? for menu, Esc to quit)
Okay, then.
Casting: Ensorcelled Hibernation
Confirm with . or Enter, or press ? or * to list all spells.
Okay, then.
Read which item? (? for menu, Esc to quit)
Okay, then.
The orc priest invokes the aid of Beogh against you.
Something smites you!
You die...

#.# ## #.# .. #.# .. #.
#.# ...#.. ###.#######
....!.b########.........#
.....ooo........#.#####.#
.....zoz.########.#####.#
.......#.@..............#
#..8.###########.####..#
#.P.. #.# #... #... #.##
#..# ## #..# #..# ##.#
#..# #.# #..#
########.###..##
................


You could see an orc priest, 2 orc wizards, an orc, an adder zombie, a goblin
zombie and a bat.

Vanquished Creatures
  Eustachio (D:4)
  A centaur zombie (D:4)
  2 orc priests (D:4)
  An orc wizard (D:4)
  A worker ant (D:4)
  An ogre zombie (D:4)
  Jessica (D:2)
  6 adders
  A giant gecko (D:4)
  2 orcs
  2 ball pythons (D:2)
  7 hobgoblins
  7 jackals
  5 kobolds
  3 quokkas
  3 bats
  3 giant cockroaches
  7 giant newts
  4 goblins
  2 goblin zombies (D:4)
  A kobold skeleton (D:4)
  A kobold zombie (D:4)
  A quokka zombie (D:4)
  6 rats
  A rat skeleton (D:4)
70 creatures vanquished.

Notes
Turn   | Place    | Note
--------------------------------------------------------------
     0 | D:1      | PolkaDot, the Vampire Enchanter, began the quest for the Orb.
     0 | D:1      | Reached XP level 1. HP: 13/13 MP: 3/3
   746 | D:2      | Reached XP level 2. HP: 19/19 MP: 4/4
   835 | D:2      | Noticed Jessica
   837 | D:2      | Killed Jessica
   837 | D:2      | Reached skill level 5 in Hexes
   847 | D:2      | Reached XP level 3. HP: 17/24 MP: 6/6
  1128 | D:2      | Reached XP level 4. HP: 30/30 MP: 7/7
  1862 | D:3      | Found a sparkling altar of Nemelex Xobeh.
  2041 | D:3      | Found a deep blue altar of Sif Muna.
  2069 | D:3      | Reached skill level 6 in Hexes
  2091 | D:4      | Noticed Eustachio
  2094 | D:4      | Killed Eustachio
  2094 | D:4      | Reached skill level 5 in Short Blades
  2094 | D:4      | Reached XP level 5. HP: 26/35 MP: 9/9
  2184 | D:4      | Reached skill level 7 in Hexes
  2184 | D:4      | Reached XP level 6. HP: 31/41 MP: 10/10
  2279 | D:4      | Learned a level 3 spell: Confuse
  2282 | D:4      | Learned a level 2 spell: Ensorcelled Hibernation
  2286 | D:4      | Learned a level 3 spell: Dazzling Spray
  2429 | D:4      | Reached skill level 1 in Ice Magic
  2494 | D:4      | Killed from afar by an orc priest

Action                   |  1- 3 |  4- 6 || total
-------------------------+-------+-------++-------
Melee: Dagger            |    70 |    90 ||   160
 Cast: Ensorcelled Hiber |       |     3 ||     3
 Abil: Bottle Blood      |       |     5 ||     5
  Use: Potion            |       |     2 ||     2
 Stab: Sleeping          |     3 |    10 ||    13
